 Dungeon Crawl Stone Soup version 0.28.0 (webtiles) character file.

Game seed: 1356720674524860729

721 enile the Skirmisher (level 7, -26/72 HPs)
             Began as a Troll Monk on Feb 14, 2022.
             Was an Initiate of Wu Jian.
             Killed from afar by Ijyb (43 damage)
             ... with a bolt of acid
             ... on level 5 of the Dungeon.
             The game lasted 00:05:31 (3004 turns).

enile the Skirmisher (Troll Monk)                   Turns: 3004, Time: 00:05:31

Health: -26/72     AC:  0    Str: 22    XL:     7   Next: 42%
Magic:  6/6        EV: 14    Int:  6    God:    Wu Jian [......]
Gold:   232        SH:  0    Dex: 12    Spells: 6/6 levels left

rFire   . . .      SeeInvis .     - Unarmed
rCold   . . .      Faith    .   (no shield)
rNeg    . . .      Spirit   .   a - +0 robe
rPois   .          Reflect  .   (helmet restricted)
rElec   .          Harm     .   (no cloak)
rCorr   .          Rampage  .   (gloves unavailable)
Will    .....                   (boots unavailable)
Stlth   ++........              (no amulet)
HPRegen 1.02/turn               q - +4 ring of evasion
MPRegen 0.10/turn               (no ring)

@: corroded
A: large, unfitting armour, claws 3, regeneration 1, shaggy fur 1, tough skin 1
a: Renounce Religion


You were on level 5 of the Dungeon.
You worshipped Wu Jian.
Wu Jian was noncommittal.
You visited 1 branch of the dungeon, and saw 5 of its levels.

You collected 232 gold pieces.

Inventory:

Hand Weapons
 i - a +0 war axe
Armour
 a - a +0 robe (worn)
 d - a +0 buckler
Jewellery
 q - a +4 ring of evasion (left claw)
 r - a ring of magical power
 s - an amulet of magic regeneration
Wands
 n - a wand of paralysis (4)
Scrolls
 b - a scroll of teleportation
 g - a scroll of acquirement
 l - 2 scrolls of noise {unknown}
 o - a scroll of magic mapping
Potions
 c - 2 potions of brilliance {unknown}
 e - a potion of heal wounds {unknown}
 f - a potion of might {unknown}
 h - a potion of flight {unknown}
 j - a potion of magic {unknown}
 k - a potion of degeneration {unknown}
 p - a potion of mutation {unknown}


   Skills:
 + Level 5.6 Fighting
 - Level 3.0 Dodging
 - Level 1.1 Stealth
 - Level 5.0 Unarmed Combat
 - Level 2.0 Evocations


You had 6 spell levels left.
You didn't know any spells.
Your spell library contained the following spells:

 Spells                   Type           Power      Damage    Failure   Level
 Magic Dart               Conj           0%         1d3       45%         1
 Call Imp                 Summ           0%         N/A       58%         2
 Ensorcelled Hibernation  Hex/Ice        0%         N/A       58%         2
 Passwall                 Tmut/Erth      0%         N/A       58%         2
 Conjure Flame            Conj/Fire      0%         6-21      83%         3
 Ignite Poison            Fire/Tmut/Pois 0%         N/A       83%         3
 Mephitic Cloud           Conj/Pois/Air  0%         N/A       83%         3
 Swiftness                Air            0%         N/A       83%         3
 Sticky Flame             Conj/Fire      0%         2d3       99%         4


Dungeon Overview and Level Annotations

Branches:
Dungeon (5/15)
 Temple: D:4-7

Altars:
Dithmenos
Hepliaklqana
Uskayaw
Vehumet
Wu Jian

Shops:
D:3 *

Annotations:
D:5 Ijyb


Innate Abilities, Weirdness & Mutations

You are too large for most types of armour.
You have claws for hands.
Your natural rate of healing is unusually fast.
You are covered in fur. (AC +1)
You have tough skin. (AC +1)


Message History

The iguana is almost dead.
The iguana bites you!
You closely miss the iguana.
The iguana is almost dead.
The iguana bites you.
Okay, then.
You scratch the iguana but do no damage.
The iguana is almost dead.
The iguana barely misses you.
You barely miss the iguana.
The iguana is almost dead.
The iguana bites you.
You barely miss the iguana.
The iguana is almost dead.
The iguana closely misses you.
You claw the iguana!
You kill the iguana!
The Council accepts your kill.
HP restored.
Found a stone staircase leading up.
Ijyb the Twisted Goblin comes into view.
She is wielding a +6 dagger of holy wrath and carrying a wand of acid (11).
Ijyb shouts!
Ijyb is nearby!
As you read the scroll of identify, it crumbles to dust.
g - a scroll of acquirement
As you read the scroll of identify, it crumbles to dust.
o - a scroll of magic mapping
Found 17 gold pieces.
Found 16 stones.
Ijyb zaps a wand.
The bolt of acid hits you!! The acid corrodes you!
An iguana comes into view.
Ijyb zaps a wand.
The bolt of acid hits you!!
* * * LOW HITPOINT WARNING * * *
Aiming: Paralyse
Press: ? - help, Shift-Dir - straight line, f - Ijyb
Aim: Ijyb, wielding a +6 dagger of holy wrath, wearing a +0 chain mail and carrying a wand of acid (9) (chance to affect: 63%) Ijyb resists with significant effort.
Ijyb zaps a wand.
The bolt of acid hits you!!!
Ouch! That really hurt!
You die...

#.# #... ..# #... ##
#.. ...# .#..# .(.
.#g. ..# ..# #.# # #
#.#####.#<##$##
.###.#.##...@....l..
.........g......##.##
###.###.##..######
#.# #...........
######.######..######
......<..# #..#
######.#.####..#
#.#.......#
..........†.##


You could see Ijyb and an iguana.

Vanquished Creatures
  Sigmund (D:2)
  An orc warrior (D:4)
  A phantom (D:4)
  A centaur zombie (D:4)
  2 orc priests
  A hound (D:4)
  An iguana (D:5)
  An orc wizard (D:4)
  A hound skeleton (D:2)
  A mummy (D:4)
  4 gnolls (D:3)
  8 adders
  2 worms
  A dart slug (D:3)
  9 orcs
  8 ball pythons
  A bat (D:3)
  2 endoplasms (D:4)
  3 giant cockroaches
  6 goblins
  9 hobgoblins
  4 jackals (D:1)
  6 quokkas
  5 frilled lizards
  2 hobgoblin zombies (D:4)
  5 kobolds
  A kobold zombie (D:4)
  An orc zombie (D:4)
  5 rats
93 creatures vanquished.

Notes
Turn   | Place    | Note
-------+----------+-------------------------------------------
     0 | D:1      | enile the Troll Monk began the quest for the Orb.
     0 | D:1      | Reached XP level 1. HP: 22/22 MP: 0/0
   187 | D:1      | Reached XP level 2. HP: 25/29 MP: 1/1
   445 | D:1      | Found a faded altar of an unknown god.
   448 | D:1      | Prayed at the altar of an unknown god.
   448 | D:1      | Became a worshipper of Vehumet
   448 | D:1      | Reached * piety under Vehumet
   448 | D:1      | Offered knowledge of Freeze by Vehumet.
   448 | D:1      | Reached ** piety under Vehumet
   475 | D:2      | Noticed Sigmund
   491 | D:1      | Reached XP level 3. HP: 30/37 MP: 2/2
   531 | D:2      | Killed Sigmund
   532 | D:2      | Reached XP level 4. HP: 33/48 MP: 3/3
   532 | D:2      | Reached XP level 5. HP: 37/54 MP: 4/4
   575 | D:2      | Offered knowledge of Scorch by Vehumet.
   599 | D:2      | Reached *** piety under Vehumet
   715 | D:2      | Offered knowledge of Frozen Ramparts by Vehumet.
  1075 | D:3      | Reached XP level 6. HP: 60/63 MP: 5/5
  1079 | D:3      | Offered knowledge of Olgreb's Toxic Radiance by Vehumet.
  1164 | D:3      | Found a hazy altar of Hepliaklqana.
  1266 | D:3      | Reached skill level 5 in Fighting
  1282 | D:3      | Found Naenaici's General Store.
  1454 | D:3      | Reached **** piety under Vehumet
  1488 | D:3      | Reached skill level 1 in Evocations
  1633 | D:3      | Found an ornate altar of the Wu Jian Council.
  1788 | D:3      | Fell from the grace of Vehumet
  1788 | D:3      | Became a worshipper of the Wu Jian Council
  2003 | D:4      | Found a hide-covered altar of Uskayaw.
  2022 | D:4      | Found a shadowy altar of Dithmenos.
  2063 | D:4      | Reached XP level 7. HP: 72/72 MP: 6/6
  2455 | D:3      | Reached skill level 5 in Unarmed Combat
  2959 | D:5      | Entered Level 5 of the Dungeon
  2994 | D:5      | Noticed Ijyb
  2996 | D:5      | Identified a scroll of acquirement
  3004 | D:5      | Killed from afar by Ijyb

Illustrated notes

Levels and vault maps discovered:
D:1:      dpeg_arrival_long_road, layout_basic,
          shapermc_ecumenical_altar_mp_vishouse
D:2:      layout_rooms, kennysheep_nondescript, minmay_misc_feat_pillars,
          nicolae_concentric_dashed_squares_wild, grunt_ministairs_13,
          minmay_vboxes, uniq_sigmund
D:3:      layout_basic, mainiacjoe_overflow_cross_hatched,
          nzn_wu_jian_contemplation, serial_shops, shop,
          minmay_goblin_kobold_house
D:4:      layout_rooms, amcnicky_altar_gilded, mainiacjoe_overflow_chevrons,
          minmay_misc_feat_secret_circle, minmay_mini_ossuary
D:5:      cheibrodos_fertilizer, layout_loops_ring,
          mainiacjoe_overflow_24_doors, minivault_27, minmay_misc_feat_tiny,
          nicolae_shop_dragon_depot, uniq_ijyb

Skill      XL: |  1  2  3  4  5  6  7 |
---------------+----------------------+-----
Fighting       | 3 4 5 |  5.6
Unarmed Combat | 4 5 |  5.0
Dodging        | 3 |  3.0
Evocations     | 2 |  2.0
Stealth        | |  1.1

Action                   |  1- 3 |  4- 6 |  7- 9 || total
-------------------------+-------+-------+-------++-------
Melee: Unarmed           |    49 |   168 |    43 ||   260
       Punch             |       |     4 |     1 ||     5
Invok: Lunge             |       |     3 |     5 ||     8
Evoke: Wand              |       |       |     1 ||     1
  Use: Scroll            |       |       |     4 ||     4
 Stab: Sleeping          |     1 |     3 |     1 ||     5
Armor: Robe              |    15 |    45 |     2 ||    62
Dodge: Dodged            |    27 |    86 |    26 ||   139
